 Dungeon Crawl Stone Soup version 0.21-a0-529-g8c7b3f5 (webtiles) character file.

21 darkdays the Insei (level 2, -1/18 HPs)
             Began as an Octopode Transmuter on Dec 10, 2017.
             Slain by a goblin
             ... wielding a +0 dagger
             ... led by Robin
              (3 damage)
             ... on level 2 of the Dungeon.
             The game lasted 00:01:51 (786 turns).

darkdays the Insei (Octopode Transmuter)             Turns: 786, Time: 00:01:52

Health: -1/18      AC:  1    Str: 14    XL:     2   Next: 87%
Magic:  1/5        EV: 13    Int: 15    God:
Gold:   77         SH:  0    Dex: 12    Spells: 2/5 levels left

rFire    . . .     SeeInvis .     - Unarmed
rCold    . . .     Gourm    .   (no shield)
rNeg     . . .     Faith    .   (helmet restricted)
rPois    .         Spirit   .   (no amulet)
rElec    .         Reflect  .   (no ring)
rCorr    .         Harm     .   (no ring)
MR       .....                  (no ring)
Stlth    ++........             (no ring)
HPRegen  0.06/turn              (no ring)
MPRegen  0.09/turn              (no ring)
                                (no ring)
                                (no ring)

@: mighty, appendage (expiring)
A: almost no armour, stealthy swim, amphibious, 8 rings, constrict 8, tentacle
spike 3, camouflage 1, gelatinous body 1
a: End Transformation


You were on level 2 of the Dungeon.
You were not hungry.
One of your tentacles had a temporary spike.
You visited 1 branch of the dungeon, and saw 2 of its levels.

You collected 77 gold pieces.

Inventory:

Missiles
 a - 50 arrows
 j - 6 javelins (quivered)
 k - 41 stones
Scrolls
 d - 3 scrolls of identify {unknown}
 m - a scroll of teleportation {unknown}
Potions
 f - a potion of degeneration {unknown}
 g - a potion of invisibility {unknown}
 h - a potion of curing {unknown}
Books
 b - a book of Changes

   Spells                             Type                      Level
   a - Beastly Appendage              Transmutation                1
   b - Sticks to Snakes               Transmutation                2
   c - Spider Form                    Transmutation/Poison         3
   d - Ice Form                       Ice/Transmutation            4
   e - Blade Hands                    Transmutation                5
Comestibles
 c - a bread ration
 i - 2 fruits
 l - 3 chunks of flesh


   Skills:
 + Level 1.5 Fighting
 - Level 2.0 Dodging
 + Level 3.2 Unarmed Combat
 + Level 2.3 Spellcasting
 + Level 2.3 Transmutations


You had 2 spell levels left.
You knew the following spells:

 Your Spells              Type           Power        Failure   Level  Hunger
a - Beastly Appendage     Tmut           #.....       9%          1    #......
b - Sticks to Snakes      Tmut           #.......     12%         2    ###....


Dungeon Overview and Level Annotations

Branches:
Dungeon (2/15)

Altars:

Annotations:
D:2 Robin


Innate Abilities, Weirdness & Mutations

You cannot wear most types of armour.
You are very stealthy in the water. (Stealth+)
You are amphibious.
You can wear up to eight rings at the same time.
You can use your tentacles to constrict eight enemies at once.
Your skin changes colour to match your surroundings (Stealth+).
Your rubbery body absorbs attacks. (AC +1, EV +1)
One of your tentacles bears a large vicious spike.


Message History

Confirm with . or Enter, or press ? or * to list all spells.
You create a snake!
You now have 50 arrows.
The hobgoblin hits you with a club!
* * * LOW HITPOINT WARNING * * *
Your ball python bites the hobgoblin but does no damage.
Your ball python barely misses the hobgoblin.
Robin hits your ball python with a dagger.
Your ball python dies!
A goblin comes into view.
You see here a goblin corpse.
You swap places.
Your adder bites the hobgoblin but does no damage.
Robin throws the goblin at you!
* * * LOW HITPOINT WARNING * * *
The hobgoblin closely misses your adder.
Your adder barely misses the hobgoblin.
Unknown command.
It was a potion of might.
You feel very mighty all of a sudden. The goblin hits you with a dagger.
You die...

#######.......#. #.
...######.###.## ..
.......##.....# #.
#............# #.
######.#####.# # #.###
..............# ####.#...
########.######
#......g########...).#..#
#.....ghg..gS@g..###.##.#
#....g#.############.##.#####
#..(. #.# #..........##.....#
#..g ..# #.###########..##.#
#.. .### #...........#...# g.
.. ###########.#.#.#.## g .?
#...#.#... ... #####..###
##.#


You could see Robin, a jackal, a hobgoblin, 3 goblins and a friendly adder.

Vanquished Creatures
  A giant cockroach (D:1)
  6 goblins
  A hobgoblin (D:1)
  A quokka (D:2)
  5 bats (D:1)
  A frilled lizard (D:1)
  4 rats
19 creatures vanquished.

Notes
Turn   | Place    | Note
-------+----------+-------------------------------------------
     0 | D:1      | darkdays the Octopode Transmuter began the quest for the Orb.
     0 | D:1      | Reached XP level 1. HP: 13/13 MP: 3/3
   109 | D:1      | Reached XP level 2. HP: 18/18 MP: 3/5
   113 | D:1      | Learned a level 2 spell: Sticks to Snakes
   774 | D:2      | Noticed Robin
   786 | D:2      | Slain by a goblin

Vault maps used:
D:1:      minmay_arrival_checkered_box, serial_bayou_lagoon_a,
          minmay_octomino_j4
D:2:      old_standard_altar, first_bread, uniq_jessica, uniq_robin,
          uniq_sigmund

Action                   || total
-------------------------++-------
Melee: Unarmed           ||    29
       Constrict         ||     8
       Tentacles         ||     3
       Kick              ||     7
 Cast: Beastly Appendage ||    10
       Sticks to Snakes  ||     2
  Use: Potion            ||     1
 Stab: Sleeping          ||     1
Armor: Skin              ||     5
Dodge: Dodged            ||    16

Table legend:
 A = Spawn XP
 B = Non-spawn XP
 C = Spawn XP percentage of total XP
 D = Spawn monster count
 E = Non-spawn monster count
 F = Spawn count percentage of total count
 G = Total turns spent on level
                    A         B        C        D         E        F      G
               +---------+---------+-------+---------+---------+-------+---------
         Total |       0 |      31 |   0.0 |       0 |      19 |   0.0 |   786
               +---------+---------+-------+---------+---------+-------+---------
           D:1 |       0 |      23 |   0.0 |       0 |      14 |   0.0 |   620
           D:2 |       0 |       8 |   0.0 |       0 |       5 |   0.0 |   166
               +---------+---------+-------+---------+---------+-------+---------
